Cogmind - Beta 13 X2 @@@ ROGUE MODE // 2023.12.19 @ 23:02:05 Player: Decinym Result: Destroyed by G-47 Trooper with Particle Gun Performance ------------- Evolutions (0) 0 Regions Visited (4) 800 Robots Destroyed (23) 115 Value Destroyed (571) 571 Prototype IDs (23) 460 Alien Tech Used (0) 0 Bonus (300) 300 TOTAL SCORE: 2246 Bonus ------- Aligned with FarCom 300 Cogmind --------- Core Integrity 0/250 Matter 236/300 Energy 220/250 System Corruption 0% Temperature Cool (28) Movement Treading (240) Ox1 Location -9/Mines Parts ------- > --- POWER (1) -------- Ion Engine > --- PROPULSION (2) --- Light Treads Light Treads > --- UTILITY (2) ------ High-capacity Storage Unit Light Armor Plating > --- WEAPON (2) ------- Small Laser Light Assault Rifle > --- INVENTORY (20) --- Improved Ion Engine Light Treads Light Treads Light Treads Light Treads Light Treads Huge Storage Unit High-capacity Matter Pod (200) Structural Scanner Targeting Computer Light Armor Plating Light Armor Plating Light Armor Plating Light Assault Rifle Rocket Launcher Field Lobotomy Kit (5) Peak State ------------ > --- POWER ------------ Ion Engine > --- PROPULSION ------- Light Treads Light Treads > --- UTILITY ---------- High-capacity Storage Unit Light Armor Plating > --- WEAPON ----------- Light Assault Rifle Rocket Launcher > --- INVENTORY -------- Improved Ion Engine Light Treads Light Treads Light Treads Light Treads Huge Storage Unit High-capacity Matter Pod Structural Scanner Targeting Computer Light Armor Plating Light Armor Plating Light Armor Plating Light Assault Rifle Light Assault Rifle Field Lobotomy Kit [Rating: 10] Favorites ----------- Power Ion Engine Engine Ion Engine Propulsion Light Treads Treads Light Treads Leg Aluminum Leg Wheel Compact Wheel Utility Light Armor Plating Storage Large Storage Unit Protection Light Armor Plating Weapon Light Assault Rifle Energy Gun Small Laser Ballistic Gun Light Assault Rifle Launcher Rocket Launcher Build | -11 -10 -10 -10 -9 ------- Run | Yrd Mat Min Exi Min Slots Evolved . | . . . . . Power . | . . . . . Propulsion . | . . . . . Utility . | . . . . . Weapon . | . . . . . Parts Attached 23 | . 11 5 1 6 Power 2 | . 1 1 . . Engine 2 | . 1 1 . . Core . | . . . . . Reactor . | . . . . . Propulsion 7 | . 4 2 . 1 Treads 3 | . . 2 . 1 Leg 2 | . 2 . . . Wheel 2 | . 2 . . . Hover . | . . . . . Flight . | . . . . . Utility 5 | . 3 1 1 . Device . | . . . . . Storage 3 | . 2 . 1 . Processor . | . . . . . Hackware . | . . . . . Protection 2 | . 1 1 . . Artifact . | . . . . . Weapon 9 | . 3 1 . 5 Energy Gun 2 | . 1 . . 1 Energy Cannon . | . . . . . Ballistic Gun 5 | . 2 1 . 2 Ballistic Cannon . | . . . . . Launcher 2 | . . . . 2 Special Weapon . | . . . . . Impact Weapon . | . . . . . Slashing Weapon . | . . . . . Piercing Weapon . | . . . . . Special Melee Weapon . | . . . . . Unidentified Prototypes . | . . . . . Parts Lost 6 | . 4 2 . . Power 2 | . 1 1 . . Propulsion 1 | . 1 . . . Utility 1 | . . 1 . . Weapon 2 | . 2 . . . Highest Loss Streak 3 | . 3 1 . . To Critical Strikes . | . . . . . Average Slot Usage (%) 98 | . 93 99 100 100 Engine 13 | . 11 13 14 14 Treads 15 | . . 10 28 28 Leg 11 | . 16 17 . . Wheel 1 | . 11 . . . Storage 14 | . 14 14 14 14 Protection 13 | . 11 14 14 14 Energy Gun 8 | . 12 11 . 7 Ballistic Gun 19 | . 14 16 28 19 Naked Turns . | . . . . . Heaviest Build 89 | 13 89 30 50 53 Greatest Support 40 | 20 26 40 40 40 Greatest Overweight (x) 5 | . 5 1 1 1 Average Overweight (x) . | . 1 . . 1 Largest Inventory Capacity 25 | . 25 15 20 20 Average Capacity 16 | . 18 15 17 20 Most Carried 16 | . 11 15 15 16 Average Carried 11 | . 7 10 14 15 Final Capacity 20 | 8 15 15 20 20 Final Carried 16 | 6 10 15 15 16 Class Distribution -------------------- 95% | Mutant 4% | Scavenger-Mutant Dominant Class ---------------- Mutant | -10/Materials Mutant | -10/Mines Mutant | -10/Exiles Scavenger-Mutant | -9/Mines Resources | -11 -10 -10 -10 -9 ----------- Run | Yrd Mat Min Exi Min Matter Collected 711 | 200 254 184 10 63 Remotely . | . . . . . Salvage Created 743 | . 385 224 . 134 Parts 44 | . 19 13 . 12 Haulers Intercepted . | . . . . . Recyclers Shooed 1 | . 1 . . . Parts Field Recycled . | . . . . . Retrieved Matter . | . . . . . Parts Self-Destructed . | . . . . . Prevented . | . . . . . Kills | -11 -10 -10 -10 -9 ------- Run | Yrd Mat Min Exi Min Combat Hostiles Destroyed 19 | . 9 7 . 3 Guns 17 | . 9 7 . 1 AOE 2 | . . . . 2 Classes Destroyed 7 | . 4 . . 3 Worker 1 | . . . . 1 Builder 1 | . . . . 1 Recycler 1 | . 1 . . . Watcher 1 | . 1 . . . Swarmer 6 | . 3 3 . . Grunt 12 | . 6 4 . 2 Brawler 1 | . . . . 1 Best Kill Streak 4 | . 4 3 . 3 Combat Bots Only 4 | . 4 3 . 2 Max Kills in Single Turn 2 | . 1 1 . 2 Gunslinging . | . . . . . Exploded 1 | . . . . 1 Melee . | . . . . . Uniques/NPCs Destroyed . | . . . . . Combat | -11 -10 -10 -10 -9 -------- Run | Yrd Mat Min Exi Min Hostile Shots Fired 109 | . 64 37 . 8 Missed 24 | . 10 12 . 2 Damage Taken 1026 | . 662 270 . 94 Core 253 | . 174 65 . 14 Absorbed by Shields . | . . . . . Redirected to Shielding 52 | . 35 17 . . Core Remaining (%) 100 | 100 . . . . Volleys Fired 76 | . 42 23 . 11 Largest 2 | . 2 2 . 2 Hottest 60 | . 60 60 . 40 Shots Fired 132 | . 69 46 . 17 Gun 127 | . 69 46 . 12 Cannon . | . . . . . Launcher 5 | . . . . 5 Special . | . . . . . Kinetic 78 | . 43 23 . 12 Thermal 49 | . 26 23 . . Explosive 5 | . . . . 5 Electromagnetic . | . . . . . Robot Hit Streak 11 | . 9 11 . 6 Robot Miss Streak 3 | . 3 3 . 2 Penetration Max . | . . . . . Secondary Targets 5 | . 3 2 . . Max Gunslinging Chain 1 | . 1 1 . . Shots Hit Robots 99 | . 50 36 . 13 Core Hits 48 | . 20 18 . 10 Critical Kills . | . . . . . Critical Parts Destroyed . | . . . . . Critical Strikes . | . . . . . Melee Attacks . | . . . . . Impact . | . . . . . Slashing . | . . . . . Piercing . | . . . . . Sneak Attacks . | . . . . . Combat Hostiles . | . . . . . Follow-up Attacks . | . . . . . Damage Inflicted 1270 | . 518 338 . 414 Guns 931 | . 518 338 . 75 Cannons . | . . . . . Explosions 339 | . . . . 339 Melee . | . . . . . Ramming . | . . . . . Kinetic 510 | . 306 129 . 75 Thermal 421 | . 212 209 . . Explosive 339 | . . . . 339 Electromagnetic . | . . . . . Impact . | . . . . . Slashing . | . . . . . Piercing . | . . . . . Highest Corruption . | . . . . . Average Corruption . | . . . . . Corruption Purged . | . . . . . Corruption Blocked . | . . . . . Overload Shots . | . . . . . Overflow Damage . | . . . . . Projectiles . | . . . . . Explosions . | . . . . . Melee . | . . . . . Knockbacks . | . . . . . Impact . | . . . . . Kinetic . | . . . . . Secondary . | . . . . . Self-Inflicted Damage . | . . . . . Shots . | . . . . . Rammed . | . . . . . Targets Rammed . | . . . . . Kicked . | . . . . . Crushed . | . . . . . Highest Temperature 208 | . 208 162 . 22 Average Temperature 65 | . 81 63 . 10 Received Heat Transfer 507 | . 330 141 . 36 Siege Activations . | . . . . . Robots Corrupted . | . . . . . Combat Hostiles . | . . . . . Parts Fried . | . . . . . Impact Corruptions . | . . . . . Robots Melted . | . . . . . Combat Hostiles . | . . . . . Parts Melted . | . . . . . Heat Transferred 950 | . 475 475 . . Parts Sabotaged . | . . . . . Parts Stolen . | . . . . . Parts Stripped . | . . . . . Power Chain Reactions . | . . . . . Missiles Intercepted . | . . . . . Alert | -11 -10 -10 -10 -9 ------- Run | Yrd Mat Min Exi Min Peak Influence 207 | . 207 190 . 114 Initial 80 | . . 80 . . Average 72 | . 81 72 . 49 Maximum Alert Level 1 | . 1 . . . Low Security (%) 96 | . 84 100 . 100 Level 1 3 | . 15 . . . Level 2 . | . . . . . Level 3 . | . . . . . Level 4 . | . . . . . Level 5 . | . . . . . High Security . | . . . . . Max Security . | . . . . . Squads Dispatched 2 | . 2 . . . Investigation 1 | . 1 . . . Extermination . | . . . . . Reinforcement 1 | . 1 . . . Assault . | . . . . . Garrison . | . . . . . Intercept . | . . . . . Searches Triggered . | . . . . . Construction Impeded . | . . . . . Haulers Reinforced . | . . . . . Active Scanning Responses . | . . . . . Cargo Convoy Interrupts . | . . . . . Stealth | -11 -10 -10 -10 -9 --------- Run | Yrd Mat Min Exi Min Distress Signals 3 | . 3 . . . Communications Jammed . | . . . . . Distress Signals . | . . . . . Times Spotted 24 | . 13 7 . 4 Peak Tracking Total 5 | . 5 3 . 2 Tactical Retreats . | . . . . . Traps | -11 -10 -10 -10 -9 ------- Run | Yrd Mat Min Exi Min Traps Triggered 2 | . 2 . . . Indirectly . | . . . . . Trap Hack Attempts . | . . . . . Triggered . | . . . . . Disarmed . | . . . . . Reprogrammed . | . . . . . Reused . | . . . . . Traps Extracted . | . . . . . Installed . | . . . . . Triggered . | . . . . . Machines | -11 -10 -10 -10 -9 ---------- Run | Yrd Mat Min Exi Min Machines Disabled . | . . . . . Max in Single Turn . | . . . . . Machines Repaired . | . . . . . Machines Dismantled . | . . . . . Machines Sabotaged . | . . . . . Overloaded Fab Kills . | . . . . . Hacking | -11 -10 -10 -10 -9 --------- Run | Yrd Mat Min Exi Min Machines Accessed 5 | . 1 . 4 . Terminals 1 | . 1 . . . Fabricators . | . . . . . Repair Stations . | . . . . . Recycling Units . | . . . . . Scanalyzers . | . . . . . Garrison Access . | . . . . . Total Hacks 6 | . 2 . 4 . Successful 5 | . 1 . 4 . Failed 1 | . 1 . . . Catastrophic . | . . . . . Database Lockouts . | . . . . . Manual 1 | . . . 1 . Terminals 2 | . 2 . . . Fabricators . | . . . . . Repair Stations . | . . . . . Recycling Units . | . . . . . Scanalyzers . | . . . . . Garrison Access . | . . . . . Terminal Hacks 5 | . 1 . 4 . Record 3 | . . . 3 . Alert Level 1 | . 1 . . . Derelict Proto ID Bank 1 | . . . 1 . Fabricator Hacks . | . . . . . Repair Station Hacks . | . . . . . Recycling Unit Hacks . | . . . . . Scanalyzer . | . . . . . Garrison Access Hacks . | . . . . . Unauthorized Hacks . | . . . . . Terminals . | . . . . . Fabricators . | . . . . . Repair Stations . | . . . . . Recycling Units . | . . . . . Scanalyzers . | . . . . . Garrison Access . | . . . . . Data Cores Recovered . | . . . . . Used . | . . . . . Hacking Detections 1 | . 1 . . . Full Trace Events . | . . . . . Feedback Events . | . . . . . Feedback Blocked . | . . . . . Robot Schematics Acquired . | . . . . . Robots Built . | . . . . . Authchips . | . . . . . Time . | . . . . . Total Robot Build Rating . | . . . . . Part Schematics Acquired . | . . . . . Parts Built . | . . . . . Authchips . | . . . . . Time . | . . . . . Total Part Build Rating . | . . . . . Parts Repaired . | . . . . . Time . | . . . . . Parts Recycled . | . . . . . Recycled Matter . | . . . . . Retrieved Matter . | . . . . . Retrieved Components . | . . . . . Parts Scanalyzed . | . . . . . Part Schematics Acquired . | . . . . . Parts Damaged . | . . . . . Bothacking | -11 -10 -10 -10 -9 ------------ Run | Yrd Mat Min Exi Min Used RIF Installer . | . . . . . Robots Hacked . | . . . . . Non-combat . | . . . . . Combat . | . . . . . Robot Hacks Applied . | . . . . . Relay Couplers Released . | . . . . . Fabnet Peak Effective % . | . . . . . Robots Rewired . | . . . . . Allies Hacked . | . . . . . Hacks Repelled . | . . . . . Allies | -11 -10 -10 -10 -9 -------- Run | Yrd Mat Min Exi Min Total Allies . | . . . . . Largest Group . | . . . . . Highest-Rated Group . | . . . . . Highest-Rated Ally . | . . . . . Total Orders . | . . . . . Ally Attacks . | . . . . . Total Damage . | . . . . . Kills . | . . . . . Allies Corrupted . | . . . . . Allies Melted . | . . . . . Intel | -11 -10 -10 -10 -9 ------- Run | Yrd Mat Min Exi Min Robot Analysis Total . | . . . . . Derelict Logs Recovered 2 | . . 2 . . Drone Launches . | . . . . . Drone Recoveries . | . . . . . Exploration | -11 -10 -10 -10 -9 ------------- Run | Yrd Mat Min Exi Min Turns Passed 2308 | . 397 1066 659 186 Spaces Moved 1145 | 1 173 555 354 62 Core . | . . . . . Treads 658 | . . 242 354 62 Legs 422 | 1 108 313 . . Wheels 65 | . 65 . . . Hover . | . . . . . Flight . | . . . . . Fastest Speed 120 | 120 120 160 160 240 Average Speed 179 | 120 156 176 185 240 Slowest Speed 400 | 120 400 190 240 240 Overloaded Moves . | . . . . . Propulsion Burnouts . | . . . . . Robots Hopped . | . . . . . Cave-ins Triggered . | . . . . . Exploration Rate (%) 44 | 2 30 96 71 21 Regions Visited 4 Branch Regions 3 Pre-discovered Areas 3 | . . 2 1 . Known Exits Taken . | . . . . . Unknown Exits Taken 4 | 1 1 1 1 . Scrap Searched 1 | . . 1 . . Spaces Dug . | . . . . . Terrain Destroyed 21 | . . . . 21 Melee . | . . . . . Projectile . | . . . . . AOE 21 | . . . . 21 Terrain Rammed . | . . . . . Walls Destroyed . | . . . . . Machines Disabled . | . . . . . Actions | -11 -10 -10 -10 -9 --------- Run | Yrd Mat Min Exi Min Total 1273 | . 233 600 357 83 Wait 3 | . . . . 3 Move 1141 | . 172 554 353 62 Hop . | . . . . . Pick Up 19 | . 6 12 1 . Fast Attach 6 | . 4 1 . 1 Attach 7 | . 3 4 . . Detach . | . . . . . Swap 10 | . 4 . 1 5 Drop 11 | . 2 6 2 1 Fire 76 | . 42 23 . 11 Melee . | . . . . . Ram . | . . . . . Kick . | . . . . . Crush . | . . . . . Escape Stasis . | . . . . . Rewire . | . . . . . Trap . | . . . . . Miscellaneous . | . . . . . Route ------- -11/Scrapyard -10/Materials -10/Mines (discovered 3 exits: [*Mat x2] / *Exi) -10/Exiles -9/Mines History --------- Turn | Location | Event 1 | -11/Scrapyard | Discovered new exit (range 0) 1 | -11/Scrapyard | Entered Materials 203 | -10/Materials | Core integrity fell below 50% 245 | -10/Materials | Lost 3 parts (1n2w) 291 | -10/Materials | Discovered new exit (range 13) 318 | -10/Materials | Build established: Mutant 398 | -10/Materials | Entered Mines 471 | -10/Mines | Core integrity fell below 20% 671 | -10/Mines | Learned location of Storage (-7) 727 | -10/Mines | Learned 8 Materials zone layouts 962 | -10/Mines | Received a Rocket Launcher from a helpful Derelict 1006 | -10/Mines | Discovered new exit (range 11) 1025 | -10/Mines | Discovered new exit (range 8) 1245 | -10/Mines | Joined a pair of Derelicts in attacking an 0b10 outpost 1457 | -10/Mines | Deemed a non-threat by the Exiles lab entrance 1457 | -10/Mines | Discovered new exit (range 5) 1464 | -10/Mines | Entered Exiles 1508 | -10/Exiles | Met 8R-AWN 1530 | -10/Exiles | Met EX-HEX 1576 | -10/Exiles | Met EX-BIN 1600 | -10/Exiles | Aligned with FarCom system 1602 | -10/Exiles | Given EX-Vault access code 1695 | -10/Exiles | Opened EX-Vault 1713 | -10/Exiles | Found Field Lobotomy Kit 1744 | -10/Exiles | Warned to stay clear of 0b10 Research branches 1902 | -10/Exiles | Met EX-DEC 1969 | -10/Exiles | Learned location of Zion (-6) 2099 | -10/Exiles | Discovered new exit (range 11) 2123 | -10/Exiles | Left Exiles lab with Field Lobotomy Kit 2123 | -10/Exiles | Entered Mines 2309 | -9/Mines | Destroyed by G-47 Trooper with Particle Gun Last Messages --------------- 02157_ K-01 Serf destroyed. 02173_ B-36 Bruiser destroyed. 02176_ Acquired 43 matter. 02182_ Acquired 7 matter. 02187_ Acquired 3 matter. 02191_ K-01 Serf collects debris. 02198_ The unstable cave ceiling collapses. 02199_ K-01 Serf collects debris. 02201_ The unstable cave ceiling collapses. 02201_ Dropped Lgt. Assault Rifle. 02202_ Acquired Sml. Laser. 02202_ K-01 Serf collects debris. 02203_ Acquired 10 matter. 02206_ K-01 Serf collects debris. 02222_ R-06 Scavenger collects Lgt. Assault Rifle. 02226_ R-06 Scavenger collects Ion Engine. 02232_ K-01 Serf collects debris. 02301_ G-34 Mercenary destroyed. 02301_ U-05 Engineer destroyed. 02303_ K-01 Serf collects debris. Map ----- +----------------------------------------------------+ | ????????????????????????????????????????????? | | ????????????????????????????????????????????? | | ????????############????????????????????????? | | ????????# #????????????????????????? | | ????????# """ #????????????????????????? | | ????????# """ ####?????????????????????? | | ????????# """ #?????????????????????? | | ????????# ## #?????????????????????? | | ????????############# #?????#####???????????? | | ????????????????????# #?##### ##?????####?? | | ????????????????????# #?# ###### ##? | | ????????????????????# ### ## #? | | ????????????????????# ## %= #? | | ????????????????????# % ## ##? | | ????????????????????#### ### ##?? | | ??????????????????????# ##### ##??? | | ??????????????????????# ##???## ##???? | | ??????????????????????# ##?????## ##????? | | ??????????????????????## #???????####?????? | | ???????????????????????## #????????????????? | | ????????????????###?????# #????????????????? | | ???????????????## ##?### #????????????????? | | ???????????????# ### ##???????????????? | | ???????????????# ##??????????????? | | ???????????????## t#??????????????? | | ????????????????## @ #????????????? | | ?????????????????## #???????????? | | ??????????????????# k #???????????? | | ??????????????????## ##???????????? | | ???????????????????## #????????????? | | ????????????????????# #???????????? | | ????????????????????## #???????????? | | ?????????????????????# = #???????????? | | ?????????????????????# g * ???????????? | | ?????????????????????# = ???????????? | | ?????????????????????# ????????????? | | ?????????????????????# $???????????? | | ?????????????????????? ??????????????? | | ?????????????????????? ????????????????? | | ???????????????????????? ???????????????????? | | ????????????????????????????????????????????? | | ????????????????????????????????????????????? | | ????????????????????????????????????????????? | | ????????????????????????????????????????????? | | ????????????????????????????????????????????? | | ????????????????????????????????????????????? | | ????????????????????????????????????????????? | | ????????????????????????????????????????????? | | ????????????????????????????????????????????? | | ????????????????????????????????????????????? | +----------------------------------------------------+ Best States ------------- Heat Dissipation 25 Energy Generation 10 Energy Capacity 250 Matter Stores 300 Matter Capacity 300 Sight Range 16 Terrain Scan Density 10 Armor Coverage 150 Propulsion Shielding 33 Evasion (%) 55 Recoil Reduction 2 Item Schematics ----------------- None Robot Schematics ------------------ None Fabricated ------------ Nothing Alien Tech Used ----------------- None Achievements -------------- None Challenges ------------ None Game ------ Seed TitaniumCommEdition Manual? 0 Play Time 00:12:26 Cumulative 357.1 hours Start 2023.12.19 @ 22:46:08 End 2023.12.19 @ 23:02:05 Sessions 1 Manual Loads 0 Difficulty Rogue Special Mode None Game No. 381 Rogue 381 Adventurer 0 Explorer 0 Win Type - Total 29 Types 16/3/4/1/2/0/3/0/0 Lore% 86 Gallery% 86 Achievement% 82 Wizard Run 0 Options --------- ASCII 0 Keyboard 0 Movement Arrows Keybinds 0 Fullscreen 2 Font 24/Tamsyn Map View 76x50 Zoom Use 0% Tactical HUD 1 Map Filters NONE Filters NONE Steam 1 RUN: 4e89f7b7-d2bb-494b-bfd0-11e4f9a1d2a7